 Dungeon Crawl Stone Soup version 0.30-a0-694-g3340775977 (webtiles) character file.

Game seed: 677514781932060548

368 Alitron123 the Covered (level 6, -3/54 HPs)
             Began as an Armataur Fighter on Jan 20, 2023.
             Was an Initiate of Makhleb.
             Slain by a gnoll sergeant
             ... wielding a +3 spear of venom
              (6 damage)
             ... on level 4 of the Dungeon.
             The game lasted 00:05:34 (2069 turns).

Alitron123 the Covered (Armataur Fighter)           Turns: 2069, Time: 00:05:34

Health: -3/54      AC: 10    Str: 23    XL:     6   Next: 41%
Magic:  6/6        EV:  4    Int:  9    God:    Makhleb [......]
Gold:   1365       SH:  4    Dex:  9    Spells: 5/5 levels left

rFire   . . .      SeeInvis .    a - +1 flail
rCold   . . .      Faith    .    c - +0 buckler
rNeg    . . .      Spirit   .    q - +0 plate armour
rPois   .          Reflect  .    (no helmet)
rElec   .          Harm     .    (no cloak)
rCorr   .          Roll     +    (no gloves)
Will    .....                    (no barding) Stlth
                                 g - amulet of regeneration
HPRegen 1.09/turn                h - ring of flight
MPRegen 0.10/turn                (no ring)

@: lethally poisoned (-3 -> -19), weakened, flying
A: large, rugged brown scales 3, deformed body, armoured tail, roll, long
tongue, awkward tongue
a: Renounce Religion


You were on level 4 of the Dungeon.
You worshipped Makhleb.
Makhleb was noncommittal.
You visited 1 branch of the dungeon, and saw 5 of its levels.

You collected 1365 gold pieces.

Inventory:

Hand Weapons
 a - a +1 flail (weapon)
Armour
 c - a +0 buckler (worn)
 q - a +0 plate armour (worn)
Jewellery
 g - an amulet of regeneration (around neck)
 h - a ring of flight (left hand)
Scrolls
 b - a scroll of butterflies {unknown}
 m - a scroll of amnesia
Potions
 d - a potion of berserk rage {unknown}
 e - a potion of resistance {unknown}
 f - 3 potions of cancellation {unknown}
 j - a potion of attraction
 l - 2 potions of lignification {unknown}
 o - a potion of haste {unknown}
 p - 2 potions of mutation {unknown}


   Skills:
 + Level 3.3 Fighting
 + Level 4.1 Maces & Flails
 + Level 5.4 Armour
 + Level 0.8 Dodging
 + Level 0.6 Stealth
 + Level 4.2 Shields


You had 5 spell levels left.
You didn't know any spells.
Your spell library contained the following spells:

 Spells                   Type           Power      Damage    Failure   Level
 Beastly Appendage        Tmut           0%         N/A       100%        1
 Wereblood                Tmut           0%         N/A       100%        2
 Spider Form              Tmut/Pois      0%         N/A       100%        3


Dungeon Overview and Level Annotations

Branches:
Dungeon (5/15)             Temple (0/1) D:4

Altars:
Dithmenos
Elyvilon
Fedhas
Gozag
Makhleb
Okawaru
Qazlal
Sif Muna
Uskayaw
The Shining One


Innate Abilities, Weirdness & Mutations

You are completely covered in rugged brown scales. (AC +3, +7% HP)
Armour fits poorly on your strangely shaped body.
You have a long armoured tail.
You roll when moving toward enemies. (Rampage)
Your long tongue fully drains potion bottles. (2x potion effects)
Your tongue gives you trouble enunciating. (1.5x scroll delay)


Message History

You are more poisoned.
The gnoll bouda gazes fiercely through you!
You feel your attacks grow feeble.
You are too injured to fight recklessly!
You are too injured to fight recklessly!
You are too injured to fight recklessly!
You slurp down every last drop of the potion of curing!
You feel better.
The gnoll sergeant hits you with a +3 spear of venom!
You are poisoned.
You barely miss the gnoll sergeant.
You tail-slap the gnoll sergeant, but do no damage.
The gnoll sergeant is heavily wounded.
You feel very sick.
The gnoll sergeant hits you with a +3 spear of venom!
You are more poisoned.
The gnoll bouda calls upon its god to heal the gnoll sergeant.
The gnoll sergeant is healed somewhat.
You hit the gnoll sergeant.
Your tail-slap misses the gnoll sergeant.
The gnoll sergeant is heavily wounded.
You feel extremely sick.
The gnoll sergeant hits you but does no damage.
You are more poisoned.
The gnoll sergeant hits you but does no damage.
You hit the gnoll sergeant.
The gnoll sergeant is severely wounded.
Your attacks no longer feel as feeble.
You feel very sick.
The gnoll sergeant hits you with a +3 spear of venom!
* * * LOW HITPOINT WARNING * * *
You are lethally poisoned!
You barely miss the gnoll sergeant.
The gnoll sergeant is severely wounded.
* * * LOW HITPOINT WARNING * * *
You feel extremely sick.
The gnoll bouda gazes fiercely through you!
You feel your attacks grow feeble.
The gnoll sergeant hits you with a +3 spear of venom.
You die...

.~..........#
#~#........##
~~#.......#.#
###..#...##.#### ♣
...............#
..
..........#....#
♣..#
.........###..###
♣♣.)..# ..####..>
##)#.#♣♣g...♣.#
..# ....
##)).@gggg....'
..# .##
#...?#♣♣g.[♣..#
<.# ... #..##.#
♣♣....# #......
..... ...# ♣..#
#.....###...^#...#
). #....##
###....... ♣
.....# ##.......
....## ##.......
#...# .#..##


You could see a gnoll sergeant, a gnoll bouda and 4 gnolls.

Vanquished Creatures
  A necrophage (D:4)
  2 jellies (D:2)
  An orc priest (D:4)
  An iguana (D:5)
  7 gnolls (D:4)
  6 adders
  2 dart slugs
  14 endoplasms
  A giant cockroach (D:2)
  2 hobgoblins (D:3)
  A quokka (D:1)
  6 ball pythons
  6 bats
  2 frilled lizards
  5 goblins
  14 kobolds
  6 rats
77 creatures vanquished.

Vanquished Creatures (others)
  A bat (D:1)
  3 fungi (D:2)
  10 toadstools (D:2)
14 creatures vanquished.

Grand Total: 91 creatures vanquished

Notes
Turn   | Place    | Note
-------+----------+-------------------------------------------
     0 | D:1      | Alitron123 the Armataur Fighter began the quest for the
                  | Orb.
     0 | D:1      | Reached XP level 1. HP: 19/19 MP: 1/1
   209 | D:1      | Reached skill level 4 in Armour
   292 | D:1      | Reached XP level 2. HP: 26/26 MP: 2/2
   542 | D:2      | Reached XP level 3. HP: 32/32 MP: 3/3
   623 | D:2      | Found a shimmering blue altar of Sif Muna.
   773 | D:2      | Reached XP level 4. HP: 39/39 MP: 4/4
   871 | D:2      | Reached XP level 5. HP: 48/48 MP: 5/5
  1056 | D:2      | Identified a scroll of acquirement
  1057 | D:2      | Acquired 1127 gold pieces
  1452 | D:3      | Found a hide-covered altar of Uskayaw.
  1459 | D:3      | Found an opulent altar of Gozag.
  1461 | D:3      | Found a glowing golden altar of the Shining One.
  1461 | D:3      | Found a blossoming altar of Fedhas.
  1462 | D:3      | Found a shadowy altar of Dithmenos.
  1463 | D:3      | Found an iron altar of Okawaru.
  1464 | D:3      | Found a burning altar of Makhleb.
  1469 | D:3      | Became a worshipper of Makhleb the Destroyer
  1471 | D:3      | Found a stormy altar of Qazlal.
  1835 | D:4      | Reached skill level 5 in Armour
  1844 | D:4      | Found a staircase to the Ecumenical Temple.
  1917 | D:4      | Found a white marble altar of Elyvilon.
  1932 | D:4      | Reached XP level 6. HP: 25/54 MP: 6/6
  1938 | D:4      | HP: 2/54 [poisoned by a scorpion]
  1958 | D:5      | Entered Level 5 of the Dungeon
  2069 | D:4      | Slain by a gnoll sergeant

Illustrated notes

Levels and vault maps discovered:
D:1:      evilmike_arrival_plus, layout_rooms
D:2:      cheibrodos_fertilizer, layout_rooms, basic_altar
D:3:      layout_loops_ring, minitemple
D:4:      layout_cave_pools, nicolae_elyvilon_peaceful_grove,
          minmay_temple_entry_water_ring, pf_guarded_unrand_woodcutter
D:5:      layout_loops_ring, slow_altar_2, uniq_blork_the_orc

Skill      XL: |  1  2  3  4  5  6 |
---------------+-------------------+-----
Armour         | 4 5 |  5.4
Maces & Flails | 2 3 4 |  4.1
Fighting       | 3 |  3.3
Shields        | 4 |  4.2
Dodging        | |  0.8
Stealth        | |  0.6

Action                   |  1- 3 |  4- 6 || total
-------------------------+-------+-------++-------
Melee: Flail             |    97 |   104 ||   201
       Tailslap          |     9 |    12 ||    21
  Use: Scroll            |     1 |     7 ||     8
       Potion            |     1 |     3 ||     4
Armor: Scale mail        |    54 |    22 ||    76
       Plate armour      |       |    35 ||    35
Dodge: Dodged            |    40 |    28 ||    68
Block: Buckler           |    15 |    25 ||    40

Table legend: (Time is in decaauts)
 A = Elapsed time spent in this place.
 B = Non-inter-level travel time spent in this place.
 C = Inter-level travel time spent in this place.
 D = Time resting spent in this place.
 E = Time spent auto-exploring this place.
 F = Levels seen in this place.
 G = Mean time per level.
                   A        B        C        D        E       F      G
               +--------+--------+--------+--------+--------+-----+--------+
         Total |   2130 |   1978 |    152 |      0 |   1443 |   5 |  426.0 |
       Dungeon |   2130 |   1978 |    152 |      0 |   1443 |   5 |  426.0 |
               +--------+--------+--------+--------+--------+-----+--------+

Top non-repeatable levels by time:
     D:3: 737 daAuts
     D:2: 575 daAuts
     D:1: 543 daAuts
     D:4: 239 daAuts
     D:5: 34 daAuts
